Map: Dragon Scales LE

Players

BJHO

  • Race: Zerg Zerg
  • League: Diamond
  • Spawn Location: 5:00

jeffestive - Winner!

  • Race: Terran Terran
  • League: Diamond
  • Spawn Location: 11:00

VOD

Have the link to the VOD?

Description

Time

  • Played on: June 26, 2023, 8:53 p.m.
  • Length: 17:07
Show
View Real Time Build Order
Export as new Build Order

BJHO Zerg 

Build Orders: Hatch First 

Get SALT Encoding   

  12  0:00  Drone  
  13  0:07  Drone  
  14  0:14  Extractor  
  14  0:15  Drone  
  15  0:37  Hatchery  
  15  0:41  Extractor  
  15  0:42  Drone  
  15  0:56  Spawning Pool  
  14  1:03  Overlord  
  14  1:11  Extractor  
  14  1:14  Drone  
  14  1:27  Drone x2  
  14  1:28  Drone  
  17  1:38  Drone  
  18  1:42  Queen  
  20  1:49  Queen  
  20  1:50  Zergling x2  
  23  1:58  Drone  
  23  2:00  Drone  
  25  2:03  Drone  
  26  2:10  Overlord  
  26  2:16  Drone  
  27  2:25  Drone  
  27  2:28  Queen  
  27  2:29  Drone  
  31  2:31  Metabolic Boost  
  31  2:36  Drone  
  31  2:37  Drone  
  33  2:46  Drone x2  
  34  2:59  Drone x2  
  34  3:00  Overlord  
  34  3:01  Overlord  
  36  3:17  Lair  
  36  3:20  Hatchery  
  35  3:38  Drone x4  
  35  3:39  Drone x2  
  41  3:44  Drone x4  
  41  3:47  Extractor  
  44  3:59  Zergling x2  
  44  4:00  Zergling x6  
  48  4:03  Baneling Nest  
  47  4:24  Zergling x10  
  47  4:25  Zergling x2  
  47  4:27  Overlord  
  43  5:08  Drone x6  
  43  5:09  Drone x7  
  43  5:12  Centrifugal Hooks  
  52  5:30  Zergling x12  
  52  5:31  Zergling x8  
  57  5:50  Baneling x2  
  57  5:51  Baneling x6  
  57  5:52  Baneling  
  57  5:56  Drone  
  57  5:57  Drone x2  
  60  5:59  Extractor  
  60  6:01  Drone x3, Extractor  
  60  6:02  Drone  
  60  6:03  Drone x2  
  64  6:08  Hatchery  
  64  6:09  Queen  
  65  6:13  Overlord x3  
  65  6:30  Drone  
  65  6:31  Drone  
  65  6:32  Drone x6  
  73  6:36  Spore Crawler  
  73  6:38  Hatchery  
  63  6:51  Spore Crawler  
  61  6:57  Spore Crawler  
  61  6:58  Spore Crawler  
  58  7:04  Zergling x14  
  58  7:05  Zergling x10  
  70  7:10  Hydralisk Den  
  69  7:18  Drone x3, Extractor  
  71  7:23  Evolution Chamber  
  71  7:27  Evolution Chamber  
  69  7:38  Hydralisk x3  
  69  7:39  Hydralisk x7  
  69  7:40  Hydralisk x2  
  92  7:46  Muscular Augments  
  92  7:56  Queen  
  92  7:58  Drone  
  95  8:18  Spore Crawler  
  93  8:26  Overseer x3  
  93  8:28  Pneumatized Carapace  
  93  8:31  Zerg Melee Weapons Level 1  
  93  8:32  Queen, Zerg Missile Weapons Level 1  
  95  8:39  Baneling x2  
  95  8:40  Baneling x5  
  95  8:43  Drone x2  
  95  8:44  Drone x4  
  95  8:46  Overlord x4  
  95  8:47  Overlord x2  
  101  8:58  Grooved Spines, Extractor  
  101  9:02  Drone  
  101  9:04  Drone  
  101  9:05  Drone x2  
  101  9:07  Drone x2  
  101  9:09  Zergling x22  
  117  9:11  Zergling x2  
  117  9:32  Zergling x2  
  117  9:33  Zergling x30  
  133  9:48  Drone x6  
  133  9:49  Drone x2  
  133  9:52  Drone, Extractor  
  141  9:53  Drone  
  103  10:30  Zergling x2  
  103  10:31  Zergling x44  
  105  10:54  Baneling  
  105  10:55  Baneling x6  
  105  10:56  Baneling x7  
  105  10:57  Baneling x5  
  103  10:59  Zerg Melee Weapons Level 2, Zerg Missile Weapons Level 2  
  103  11:14  Queen  
  105  11:26  Hydralisk x6  
  105  11:27  Hydralisk, Hatchery  
  105  11:30  Overlord x2  
  105  11:31  Overlord x7  
  118  11:35  Extractor  
  117  11:46  Infestation Pit  
  116  11:52  Zergling x2  
  116  11:53  Zergling x26  
  120  12:15  Zergling x24  
  122  12:16  Zergling x12  
  110  13:01  Hydralisk x2  
  110  13:02  Hydralisk x15  
  110  13:04  Hydralisk  
  108  13:15  Zerg Ground Armor Level 1  
  108  13:23  Drone x7  
  108  13:24  Drone x5  
  120  13:31  Hive  
  120  13:35  Drone  
  120  13:36  Drone x3  
  124  13:59  Queen  
  124  14:02  Drone x2  
  128  14:03  Drone x2  
  128  14:06  Spine Crawler  
  128  14:08  Spine Crawler  
  128  14:11  Spine Crawler  
  128  14:17  Zergling x24  
  128  14:18  Zergling x16  
  147  14:32  Drone x2  
  147  14:33  Drone  
  150  14:42  Spine Crawler  
  150  14:45  Hatchery  
  112  14:56  Hydralisk x7  
  112  14:57  Hydralisk x5  
  112  14:59  Zergling x2  
  114  15:00  Zergling x2  
  114  15:06  Zergling x10  
  111  15:07  Zergling x2  
  80  15:38  Zergling x2  
  80  15:39  Zergling x44  
  80  15:40  Zergling x12  
  72  16:16  Zergling x2  
  72  16:17  Zergling x26  
  78  16:25  Zergling x4  
  74  16:34  Spore Crawler  
  51  17:03  Hatchery  
Show
View Real Time Build Order
Export as new Build Order

jeffestive Terran - Winner!

Build Orders: Reaper Expand 

Get SALT Encoding   

  12  0:03  SCV  
  13  0:15  SCV  
  13  0:18  Supply Depot  
  14  0:27  SCV  
  15  0:40  SCV  
  16  0:43  Barracks  
  16  0:52  SCV  
  16  0:53  Refinery  
  17  1:04  SCV  
  18  1:18  SCV  
  19  1:32  Orbital Command  
  19  1:36  Reaper  
  20  1:41  Command Center  
  20  1:58  SCV, Supply Depot  
  21  2:10  SCV  
  22  2:23  Factory, SCV  
  23  2:35  SCV  
  23  2:36  Refinery, Barracks Reactor  
  24  2:47  SCV  
  25  3:00  Orbital Command  
  25  3:02  SCV  
  26  3:14  SCV  
  26  3:18  Starport  
  27  3:21  Barracks Tech Lab  
  27  3:26  Hellion x2, SCV  
  32  3:34  SCV  
  32  3:38  SCV  
  34  3:42  Command Center  
  34  3:46  SCV  
  34  3:47  Hellion x2, Stimpack  
  39  3:49  Marine  
  39  3:52  SCV  
  41  3:58  SCV  
  42  4:06  Supply Depot  
  42  4:08  SCV  
  43  4:10  SCV  
  44  4:27  Starport Tech Lab  
  44  4:29  SCV x2  
  45  4:41  SCV  
  45  4:44  Hellion  
  45  4:45  Hellion  
  44  4:57  SCV  
  41  5:00  Banshee  
  43  5:08  Hellion x2  
  43  5:09  Orbital Command  
  43  5:28  SCV  
  44  5:46  Banshee  
  44  5:47  Cloaking Field  
  47  5:51  SCV x2  
  49  6:04  SCV  
  49  6:10  Refinery  
  50  6:12  Hellion x2  
  50  6:16  Factory  
  50  6:17  Factory  
  54  6:24  SCV x2  
  56  6:36  SCV  
  47  6:57  Banshee  
  50  7:01  Refinery  
  50  7:02  SCV  
  50  7:06  SCV, Orbital Command  
  52  7:14  SCV  
  53  7:16  Factory Tech Lab  
  53  7:17  Factory Tech Lab  
  53  7:18  SCV  
  53  7:19  Command Center  
  53  7:22  Factory  
  54  7:26  Factory, SCV  
  55  7:31  SCV  
  56  7:38  SCV  
  56  7:40  Banshee  
  56  7:43  SCV  
  61  7:51  Supply Depot  
  61  7:52  Supply Depot  
  61  7:53  Supply Depot  
  61  8:02  Siege Tank x2, Hellion, SCV x3  
  61  8:03  Infernal Pre-Igniter  
  61  8:05  Mag-Field Accelerator  
  72  8:06  Cyclone  
  75  8:14  SCV x3  
  72  8:25  Hellion  
  72  8:26  Hellion, SCV, Factory Tech Lab  
  77  8:27  SCV  
  77  8:28  SCV  
  77  8:32  Refinery x2  
  79  8:34  Siege Tank, Cyclone  
  79  8:37  Supply Depot  
  79  8:38  Cyclone, SCV  
  79  8:40  Hyperflight Rotors  
  89  8:41  Raven  
  89  8:45  SCV  
  89  8:47  Hellion x2  
  96  8:51  Armory  
  96  8:52  Orbital Command  
  96  8:54  SCV x2  
  98  8:58  SCV  
  99  9:06  SCV x2  
  101  9:10  SCV  
  101  9:12  Supply Depot  
  101  9:14  Supply Depot  
  101  9:16  Cyclone x2  
  101  9:17  Cyclone, Hellion x2  
  113  9:18  SCV x2  
  113  9:21  SCV  
  113  9:22  SCV  
  119  9:30  SCV x2  
  121  9:33  SCV  
  121  9:34  SCV  
  123  9:43  Refinery, SCV  
  123  9:44  SCV  
  125  9:45  Refinery  
  125  9:48  Terran Vehicle And Ship Armor Level 1  
  125  9:50  Armory  
  125  9:52  Supply Depot  
  125  9:55  Cyclone x3  
  125  9:56  Hellion x3  
  124  10:20  Hellion x2  
  94  10:27  Cyclone  
  94  10:28  Cyclone x2, Hellion  
  92  10:41  Hellion x2  
  89  10:52  Cyclone  
  92  10:59  Cyclone  
  92  11:00  Hellion x2  
  92  11:03  Hellion, SCV  
  102  11:13  SCV x2  
  102  11:18  Orbital Command  
  104  11:22  Terran Vehicle Weapons Level 1  
  104  11:31  Cyclone x3  
  104  11:32  Cyclone, Hellion x2  
  120  11:35  SCV x3  
  123  11:40  Command Center  
  123  11:47  SCV  
  123  11:53  Hellion x2  
  126  12:03  Thor  
  132  12:11  SCV x2  
  131  12:20  Hellion x2  
  130  12:31  Supply Depot  
  130  12:32  Supply Depot x2  
  130  12:34  SCV  
  121  12:45  Hellion  
  121  12:46  Hellion  
  121  12:47  Cyclone  
  89  13:15  Orbital Command  
  89  13:17  SCV x2  
  89  13:18  SCV  
  89  13:19  Thor x2  
  104  13:20  Thor x2  
  104  13:21  Hellion x2  
  120  13:29  SCV x2  
  120  13:30  SCV  
  123  13:41  SCV  
  123  13:42  Hellion, SCV x2  
  123  13:43  Command Center  
  128  13:49  SCV  
  128  13:53  SCV  
  128  13:54  SCV x2  
  128  13:55  Hellion  
  134  14:02  Thor x2  
  146  14:03  Hellion  
  146  14:06  Supply Depot  
  148  14:25  SCV x3  
  148  14:26  Hellion  
  148  14:28  Thor  
  148  14:29  Orbital Command, Supply Depot x2  
  159  14:47  Thor  
  159  14:49  Thor  
  159  14:52  Thor  
  151  14:53  Hellion x2  
  142  15:03  Orbital Command  
  142  15:04  SCV x2  
  144  15:11  Thor  
  154  15:14  Hellion x2  
  152  15:24  Banshee  
  149  15:30  Hellion  
  149  15:32  Hellion  
  149  15:34  Thor  
  149  15:35  SCV x2  
  155  15:36  Refinery x2  
  152  15:51  Thor  
  152  15:56  Thor x2  
  170  15:59  SCV  
  147  16:17  Thor  
  139  16:27  Hellion x2  
  146  16:34  SCV x2  
  162  17:03  Refinery  
  162  17:04  Refinery  
Tags
 
Add a new tag
Caveats
  • Supply blocks, unpowered buildings, or Contaminate may cause inaccurate times.
  • Supply counts are checked every 10 seconds.